 Dungeon Crawl Stone Soup version 0.27-a0-54-g64bdb92e38 (webtiles) character file.

Game seed: 17108112640058974877

42 runemasterragnar the Skirmisher (level 3, -8/60 HPs)
             Began as an Ogre Monk on Jan 7, 2021.
             Mangled by an ogre
             ... wielding a +0 giant club
              (18 damage)
             ... on level 4 of the Dungeon.
             The game lasted 00:01:35 (1235 turns).

runemasterragnar the Skirmisher (Ogre Monk)         Turns: 1235, Time: 00:01:36

Health: -8/60      AC: 21    Str: 15    XL:     3   Next: 56%
Magic:  3/3        EV:  1    Int: 12    God:
Gold:   56         SH:  0    Dex: 11    Spells: 2/2 levels left

rFire    . . .     SeeInvis .   (no weapon)
rCold    . . .     Faith    .   (no shield)
rNeg     + + +     Spirit   .   (armour currently unavailable)
rPois    +         Reflect  .   (helmet currently unavailable)
rElec    .         Harm     .   (cloak currently unavailable)
rCorr    .         Rampage  .   (gloves unavailable)
Will     .....     NoTele   +   (boots unavailable)
Stlth    ++........             (no amulet)
HPRegen  0.20/turn              (no ring)
MPRegen  0.08/turn              (no ring)

@: tree-form
A: large, unfitting armour
a: no special abilities


You were on level 4 of the Dungeon.
You were a tree.
You visited 1 branch of the dungeon, and saw 4 of its levels.

You collected 56 gold pieces.

Inventory:

Hand Weapons
 a - a +1 mace
Armour
 b - a +0 robe (melded)
Potions
 h - a potion of curing {unknown}
 j - a potion of degeneration {unknown}


   Skills:
 + Level 4.7 Fighting
 + Level 3.2 Maces & Flails
 + Level 3.2 Dodging
 - Level 1.4 Stealth


You had 2 spell levels left.
You didn't know any spells.
Your spell library was empty.

Dungeon Overview and Level Annotations

Branches:
Dungeon (4/15)
 Temple: D:4-7

Altars:


Innate Abilities, Weirdness & Mutations

You are too large for most types of armour.
((You have tough skin. (AC +1)))
((You have large cloven feet.))
((Your flesh is cold resistant. (rC+)))


Message History

The centaur skeleton barely misses you. The ogre hits you with a +0 giant club.
* * * LOW HITPOINT WARNING * * *
You are now empty-handed.
You hit the ogre.
The ogre is moderately wounded.
The ogre hits you but does no damage.
The quokka bites you but does no damage.
You smack the ogre!
The ogre is severely wounded.
The quokka bites you.
* * * LOW HITPOINT WARNING * * *
The ogre hits you with a +0 giant club.
* * * LOW HITPOINT WARNING * * *
You hit the ogre.
The ogre is severely wounded.
The quokka bites you but does no damage.
You hit the ogre but do no damage.
The ogre is severely wounded.
The ogre hits you with a +0 giant club!!
You die...

*,**##.##.* * *,,,,.,...#* *
**##*#.*,..## ***********
*...#.,**#.#####*,,,,,,,,,,
***,#....* #<.†..##.*********
*****,*,,,#..###........#********
,,,,,,,*,**,#...####.....,**,,,,,
***,*,**,**,##.#####,.###,*,,,***
*,*,,,,,,,*#Zr♣O.#,,# *,,,*,,,*
*,*,*******#####.#*,***,*,,,*,*
***,,,,***********,..,,,,,**,**,*
,,,,,*,,,,,,,,,,,,,,...,****,**,*
***,,,,*******,,,*+*,...* *,**,*
*,*,** *,,,,*_*,,##* *,**,*
*,*,**** *,,,,*+*,,* *,**,*
*,,,,,,* *,,,,,,,,,* *,**,*
***,**,* **,,,,,**,* *,*,,,


You could see an ogre, a quokka and a centaur skeleton.

Vanquished Creatures
  An adder (D:3)
  2 oozes
  A dart slug (D:1)
  A leopard gecko (D:4)
  2 goblins (D:1)
  3 hobgoblins
  3 bats
  2 frilled lizards (D:1)
  4 kobolds
  4 rats (D:1)
23 creatures vanquished.

Notes
Turn   | Place    | Note
-------+----------+-------------------------------------------
     0 | D:1      | runemasterragnar the Ogre Monk began the quest for the Orb.
     0 | D:1      | Reached XP level 1. HP: 24/24 MP: 1/1
   171 | D:1      | Reached XP level 2. HP: 18/32 MP: 2/2
  1023 | D:2      | Reached XP level 3. HP: 38/40 MP: 3/3
  1226 | D:4      | Noticed an ogre
  1229 | D:4      | Gained mutation: You have large cloven feet. [potion of
                  | mutation]
  1229 | D:4      | Gained mutation: Your flesh is cold resistant. (rC+)
                  | [potion of mutation]
  1235 | D:4      | Mangled by an ogre

Illustrated notes

Levels and vault maps discovered:
D:1:      dpeg_arrival_three_same_balls, layout_basic
D:2:      layout_basic, nemelex_lonely_heart_becter
D:3:      layout_loops_ring, grunt_temple_overflow_cloverleaf, trog_wizard
D:4:      layout_loops_ring, kennysheep_mini, enter_ossuary_1,
          chequers_serial_rivers_micro_c

Skill      XL: |  1  2 |
---------------+-------+-----
Dodging        | 3 |  3.2
Maces & Flails | 3 |  3.2
Fighting       | |  4.7
Stealth        | |  1.4

Action                   || total
-------------------------++-------
Melee: Mace              ||    79
       Unarmed           ||     4
  Use: Scroll            ||     4
       Potion            ||     2
 Stab: Sleeping          ||     5
Armor: Robe              ||    13
       Skin              ||     3
Dodge: Dodged            ||    43

Table legend: (Time is in decaauts)
 A = Elapsed time spent in this place.
 B = Non-inter-level travel time spent in this place.
 C = Inter-level travel time spent in this place.
 D = Time resting spent in this place.
 E = Time spent auto-exploring this place.
 F = Levels seen in this place.
 G = Mean time per level.
                   A        B        C        D        E       F      G
               +--------+--------+--------+--------+--------+-----+--------+
         Total |   1254 |   1229 |     25 |    272 |    732 |   4 |  313.5 |
       Dungeon |   1254 |   1229 |     25 |    272 |    732 |   4 |  313.5 |
               +--------+--------+--------+--------+--------+-----+--------+

Top non-repeatable levels by time:
     D:1: 1027 daAuts
     D:3: 158 daAuts
     D:2: 47 daAuts
     D:4: 20 daAuts
